BLB
NEW YORK CYCLONES @ WASHINGTON BATS
04/11/2063
 
TOP OF THE 1ST
New York Cyclones batting - Pitching for Washington Bats : RHP Braydon Lynn
Pitching: RHP Braydon Lynn
Batting: RHB Stefan Jamroz 0-0: Called Strike
0-1: Foul Ball, location: 2F
0-2: Ball
1-2: Ball
2-2: Ball
3-2: Foul Ball, location: 2F
3-2: SINGLE (Groundball, 5S, EV 76.2 MPH) (infield hit)
Batting: RHB Danrad Orozco 0-0: Called Strike
0-1: Foul Ball, location: 2F
0-2: Grounds into double play, 6-4-3 (Groundball, 6, EV 80.0 MPH)
Batting: RHB Fred Etheridge 0-0: Called Strike
0-1: Ball
1-1: Swinging Strike
1-2: Ball
2-2: Ball
3-2: Foul Ball, location: 2F
3-2: Foul Ball, location: 2F
3-2: Fly out, F4 (Popup, 4M, EV 58.8 MPH)
Top of the 1st over - 0 runs, 1 hit, 0 errors, 0 left on base; New York 0 - Washington 0
BOTTOM OF THE 1ST
Washington Bats batting - Pitching for New York Cyclones : LHP Corbin DeBruin
Pitching: LHP Corbin DeBruin
Batting: RHB Ty Dec 0-0: Called Strike
0-1: Foul Ball, location: 2F
0-2: Ball
1-2: Foul Ball, location: 2F
1-2: Ground out 3-1 (Groundball, 34, EV 83.1 MPH)
Batting: RHB Garon Norgrove 0-0: Ball
1-0: SINGLE (Groundball, 6MD, EV 96.2 MPH)
Batting: SHB Detwon Ayala 0-0: Called Strike
Garon Norgrove is caught stealing 2nd base 2-4
0-1: Ball
1-1: Swinging Strike
1-2: Ball
2-2: Ball
3-2: Foul Ball, location: 2F
3-2: Foul Ball, location: 2F
3-2: SINGLE (Groundball, 6MD, EV 103.1 MPH)
Batting: RHB Hayden Jones 0-0: Called Strike
0-1: Foul Ball, location: 2F
0-2: Strikes out swinging
Bottom of the 1st over - 0 runs, 2 hits, 0 errors, 1 left on base; New York 0 - Washington 0
TOP OF THE 2ND
New York Cyclones batting - Pitching for Washington Bats : RHP Braydon Lynn
Batting: LHB Jim Mjima 0-0: Ball
1-0: Ball
2-0: Foul Ball, location: 2F
2-1: Fly out, F6 (Popup, 6S, EV 79.4 MPH)
Batting: LHB Jared Rosewall 0-0: Called Strike
0-1: Called Strike
0-2: Fly out, F9 (Flyball, 89D, EV 83.8 MPH)
Batting: RHB Alexander Charter 0-0: Swinging Strike
0-1: Swinging Strike
0-2: Strikes out swinging
Top of the 2nd over - 0 runs, 0 hits, 0 errors, 0 left on base; New York 0 - Washington 0
BOTTOM OF THE 2ND
Washington Bats batting - Pitching for New York Cyclones : LHP Corbin DeBruin
Batting: LHB Rayshaun Stuart 0-0: Swinging Strike
0-1: Ball
1-1: Swinging Strike
1-2: Strikes out swinging
Batting: RHB J.C. Creamer 0-0: Ball
1-0: Foul Ball, location: 2F
1-1: Ball
2-1: Foul Ball, location: 2F
2-2: Ball
3-2: Base on Balls
Batting: RHB Henry Keddie 0-0: Swinging Strike
0-1: Ball
1-1: Ball
2-1: Fielders Choice at 2nd, 2-4 (Groundball, 15S, EV 74.4 MPH)
Batting: LHB Joel Bell 0-0: Ball
1-0: Ball
Henry Keddie steals 2nd base
2-0: Called Strike
2-1: Foul Ball, location: 2F
2-2: Ball
3-2: Base on Balls
Batting: RHB Trever Leach 0-0: Ball
Wild Pitch!
Henry Keddie to third
Joel Bell to second
1-0: Ball
2-0: Ground out 4-3 (Groundball, 4, EV 101.9 MPH)
Bottom of the 2nd over - 0 runs, 0 hits, 0 errors, 2 left on base; New York 0 - Washington 0
TOP OF THE 3RD
New York Cyclones batting - Pitching for Washington Bats : RHP Braydon Lynn
Batting: SHB Seth McNeill 0-0: Fly out, F7 (Flyball, 78M, EV 85.0 MPH)
Batting: RHB Pat Duke 0-0: Ground out 4-3 (Groundball, 4, EV 81.9 MPH)
Batting: RHB Dominic Bedolla 0-0: Ball
1-0: Swinging Strike
1-1: Foul Ball, location: 2F
1-2: Ball
2-2: Foul Ball, location: 2F
2-2: Strikes out swinging
Top of the 3rd over - 0 runs, 0 hits, 0 errors, 0 left on base; New York 0 - Washington 0
BOTTOM OF THE 3RD
Washington Bats batting - Pitching for New York Cyclones : LHP Corbin DeBruin
Batting: RHB Ty Dec 0-0: Foul Ball, location: 2F
0-1: Ball
1-1: Foul Ball, location: 2F
1-2: Ball
2-2: Strikes out swinging
Batting: RHB Garon Norgrove 0-0: Ball
1-0: Ball
2-0: SINGLE (Groundball, 4D, EV 103.1 MPH)
Batting: SHB Detwon Ayala 0-0: Called Strike
0-1: Swinging Strike
0-2: Strikes out looking
Batting: RHB Hayden Jones 0-0: Ball
1-0: Foul Ball, location: 2F
1-1: Foul Ball, location: 2F
1-2: Strikes out swinging, 2-3 out at first.
Bottom of the 3rd over - 0 runs, 1 hit, 0 errors, 1 left on base; New York 0 - Washington 0
TOP OF THE 4TH
New York Cyclones batting - Pitching for Washington Bats : RHP Braydon Lynn
Batting: RHB Stefan Jamroz 0-0: Bunted foul
0-1: Swinging Strike
0-2: Ball
1-2: Strikes out looking
Batting: RHB Danrad Orozco 0-0: Ball
1-0: Foul Ball, location: 2F
1-1: Foul Ball, location: 2F
1-2: Strikes out looking
Batting: RHB Fred Etheridge 0-0: Ball
1-0: Called Strike
1-1: Ball
2-1: Ball
3-1: Swinging Strike
3-2: SINGLE (Groundball, 56, EV 100.6 MPH) (infield hit)
Batting: LHB Jim Mjima 0-0: Called Strike
0-1: Called Strike
0-2: Ball
1-2: Strikes out swinging
Top of the 4th over - 0 runs, 1 hit, 0 errors, 1 left on base; New York 0 - Washington 0
BOTTOM OF THE 4TH
Washington Bats batting - Pitching for New York Cyclones : LHP Corbin DeBruin
Batting: LHB Rayshaun Stuart 0-0: Ball
1-0: Ball
2-0: Called Strike
2-1: SINGLE (Line Drive, 7LS, EV 105.6 MPH)
Batting: RHB J.C. Creamer 0-0: Called Strike
0-1: Fly out, F5 (Popup, 5SF, EV 76.9 MPH)
Batting: RHB Henry Keddie 0-0: Fly out, F8 (Line Drive, 8RM, EV 95.6 MPH)
Batting: LHB Joel Bell 0-0: Called Strike
0-1: Called Strike
0-2: Strikes out swinging
Bottom of the 4th over - 0 runs, 1 hit, 0 errors, 1 left on base; New York 0 - Washington 0
TOP OF THE 5TH
New York Cyclones batting - Pitching for Washington Bats : RHP Braydon Lynn
Batting: LHB Jared Rosewall 0-0: Ball
1-0: Foul Ball, location: 2F
1-1: SINGLE (Groundball, 6MD, EV 96.2 MPH)
Batting: RHB Alexander Charter 0-0: Ball
Pickoff Throw to First - Out! 1-3
1-0: Ball
2-0: Called Strike
2-1: Ball
3-1: Foul Ball, location: 2F
3-2: Strikes out swinging
Batting: SHB Seth McNeill 0-0: Ground out 4-3 (Groundball, 4, EV 85.0 MPH)
Top of the 5th over - 0 runs, 1 hit, 0 errors, 0 left on base; New York 0 - Washington 0
BOTTOM OF THE 5TH
Washington Bats batting - Pitching for New York Cyclones : LHP Corbin DeBruin
Batting: RHB Trever Leach 0-0: Ground out 6-3 (Groundball, 6, EV 83.1 MPH)
Batting: RHB Ty Dec 0-0: Ground out 6-3 (Groundball, 6, EV 85.6 MPH)
Batting: RHB Garon Norgrove 0-0: SINGLE (Flyball, 4D, EV 90.6 MPH)
Batting: SHB Detwon Ayala 0-0: Called Strike
0-1: Called Strike
Garon Norgrove is caught stealing 2nd base 2-4
Bottom of the 5th over - 0 runs, 1 hit, 0 errors, 0 left on base; New York 0 - Washington 0
TOP OF THE 6TH
New York Cyclones batting - Pitching for Washington Bats : RHP Braydon Lynn
Batting: RHB Pat Duke 0-0: Called Strike
0-1: Ball
1-1: Called Strike
1-2: Ball
2-2: Strikes out swinging
Batting: RHB Dominic Bedolla 0-0: Ball
1-0: Called Strike
1-1: Swinging Strike
1-2: Ground out 6-3 (Groundball, 6S, EV 63.1 MPH)
Batting: RHB Stefan Jamroz 0-0: Ball
1-0: Ball
2-0: Called Strike
2-1: Foul Ball, location: 2F
2-2: Ball
3-2: Foul Ball, location: 2F
3-2: Foul Ball, location: 2F
3-2: Foul Ball, location: 2F
3-2: Foul Ball, location: 2F
3-2: Strikes out looking
Top of the 6th over - 0 runs, 0 hits, 0 errors, 0 left on base; New York 0 - Washington 0
BOTTOM OF THE 6TH
Washington Bats batting - Pitching for New York Cyclones : LHP Corbin DeBruin
Batting: SHB Detwon Ayala 0-0: Ball
1-0: Ball
2-0: Ball
3-0: Base on Balls
Batting: RHB Hayden Jones 0-0: Ball
1-0: Ball
2-0: Ball
3-0: Called Strike
3-1: Called Strike
3-2: 2-RUN HOME RUN (Flyball, 8RXD, EV 112.5 MPH), Distance : 469 ft
Batting: LHB Rayshaun Stuart 0-0: Called Strike
0-1: Ball
1-1: Swinging Strike
1-2: Foul Ball, location: 2F
1-2: Strikes out swinging
Batting: RHB J.C. Creamer 0-0: Ball
1-0: Ball
2-0: Ball
3-0: Called Strike
3-1: Base on Balls
Batting: RHB Henry Keddie 0-0: Ball
1-0: Called Strike
1-1: Ball
2-1: Ball
3-1: Base on Balls
J.C. Creamer to second
Pitching: RHP Sean Vitale
Batting: LHB Joel Bell 0-0: Foul Ball, location: 2F
0-1: Foul Ball, location: 2F
0-2: Foul Ball, location: 2F
0-2: Strikes out swinging
Batting: RHB Trever Leach 0-0: Called Strike
0-1: Fly out, F9 (Line Drive, 89D, EV 101.2 MPH)
Bottom of the 6th over - 2 runs, 1 hit, 0 errors, 2 left on base; New York 0 - Washington 2
TOP OF THE 7TH
New York Cyclones batting - Pitching for Washington Bats : RHP Braydon Lynn
Batting: RHB Danrad Orozco 0-0: Ball
1-0: Fly out, F8 (Flyball, 8RXD, EV 99.4 MPH)
Batting: RHB Fred Etheridge 0-0: Ball
1-0: Foul Ball, location: 2F
1-1: DOUBLE (Line Drive, 8LXD, EV 110.6 MPH)
Pitching: RHP Eric Hendrix
Batting: LHB Jim Mjima 0-0: Fly out, F9 (Flyball, 9, EV 90.0 MPH)
Batting: LHB Jared Rosewall 0-0: Called Strike
0-1: Ball
1-1: Ball
2-1: Ball
3-1: Base on Balls
Batting: RHB Alexander Charter 0-0: Ball
1-0: Ball
2-0: Called Strike
2-1: Called Strike
2-2: Strikes out swinging
Top of the 7th over - 0 runs, 1 hit, 0 errors, 2 left on base; New York 0 - Washington 2
BOTTOM OF THE 7TH
Washington Bats batting - Pitching for New York Cyclones : RHP Sean Vitale
Batting: RHB Ty Dec 0-0: Ground out 5-3 (Groundball, 56S, EV 73.8 MPH)
Batting: RHB Garon Norgrove 0-0: Fly out, F9 (Flyball, 89M, EV 94.4 MPH)
Batting: SHB Detwon Ayala 0-0: Foul Ball, location: 2F
0-1: Foul Ball, location: 2F
0-2: Strikes out swinging
Bottom of the 7th over - 0 runs, 0 hits, 0 errors, 0 left on base; New York 0 - Washington 2
TOP OF THE 8TH
New York Cyclones batting - Pitching for Washington Bats : RHP Eric Hendrix
Batting: SHB Seth McNeill 0-0: Called Strike
0-1: Ball
1-1: Ball
2-1: Ball
3-1: Foul Ball, location: 2F
3-2: Foul Ball, location: 2F
3-2: Base on Balls
Batting: RHB Pat Duke 0-0: Ball
1-0: Ball
2-0: Grounds into double play, 4-6-3 (Groundball, 4, EV 85.0 MPH)
Batting: RHB Dominic Bedolla 0-0: Ball
1-0: Ground out 6-3 (Groundball, 6, EV 97.5 MPH)
Top of the 8th over - 0 runs, 0 hits, 0 errors, 0 left on base; New York 0 - Washington 2
BOTTOM OF THE 8TH
Washington Bats batting - Pitching for New York Cyclones : RHP Sean Vitale
Batting: RHB Hayden Jones 0-0: Called Strike
0-1: Foul Ball, location: 2F
0-2: Ground out 5-3 (Groundball, 56S, EV 68.1 MPH)
Batting: LHB Rayshaun Stuart 0-0: Called Strike
0-1: Called Strike
0-2: Ball
1-2: Ball
2-2: Ground out U3 (Groundball, 3S, EV 86.2 MPH)
Batting: RHB J.C. Creamer 0-0: Called Strike
0-1: Ball
1-1: Foul Ball, location: 2F
1-2: Ball
2-2: Foul Ball, location: 2F
2-2: Fly out, F8 (Flyball, 78D, EV 103.1 MPH)
Bottom of the 8th over - 0 runs, 0 hits, 0 errors, 0 left on base; New York 0 - Washington 2
TOP OF THE 9TH
New York Cyclones batting - Pitching for Washington Bats : RHP Eric Hendrix
Now at 2B: Trever Leach
Now at SS: Jeremy Hollabaugh
Now in LF: Damon Bartone
Batting: RHB Stefan Jamroz 0-0: Ball
1-0: Ball
2-0: Foul Ball, location: 2F
2-1: Ball
3-1: Foul Ball, location: 2F
3-2: Strikes out swinging
Batting: RHB Danrad Orozco 0-0: Ball
1-0: Ground out 5-3 (Groundball, 56S, EV 70.6 MPH)
Batting: RHB Fred Etheridge 0-0: Swinging Strike
0-1: Foul Ball, location: 2F
0-2: Foul Ball, location: 2F
0-2: Strikes out looking
Top of the 9th over - 0 runs, 0 hits, 0 errors, 0 left on base; New York 0 - Washington 2
Tuesday, October 29th , 2024 - OOTP Baseball 23.10 Build 110